Map: Efflorescence LE

Players

qqq

  • Race: Zerg Zerg
  • League: Platinum
  • Spawn Location: 3:00

Massa

  • Race: Terran Terran
  • League: Platinum
  • Spawn Location: 12:00

COMMODOR - Winner!

  • Race: Protoss Protoss
  • League: Platinum
  • Spawn Location: 9:00

Spirit - Winner!

  • Race: Zerg Zerg
  • Spawn Location: 6:00

VOD

Have the link to the VOD?

Description

Time

  • Played on: Sept. 27, 2020, 3:59 p.m.
  • Length: 30:29
Show
View Real Time Build Order
Export as new Build Order

qqq Zerg 

Build Orders: Hatch First, Lurkers, Swarm Host 

Get SALT Encoding   

  12  0:00  Drone  
  13  0:09  Drone  
  14  0:38  Hatchery  
  14  0:41  Drone  
  14  0:57  Spawning Pool  
  14  1:03  Overlord  
  13  1:10  Drone  
  14  1:14  Extractor  
  14  1:15  Drone  
  14  1:22  Drone  
  15  1:27  Drone  
  16  1:39  Drone  
  17  1:50  Extractor  
  17  1:51  Drone  
  17  1:54  Queen  
  17  1:56  Drone  
  17  1:58  Drone  
  21  2:10  Queen  
  23  2:17  Overlord  
  23  2:20  Drone  
  24  2:28  Drone  
  25  2:48  Drone  
  25  2:49  Zergling x2  
  25  2:51  Drone x3  
  29  2:52  Metabolic Boost  
  29  2:56  Baneling Nest  
  29  3:05  Zergling x4  
  31  3:07  Drone  
  32  3:26  Zergling x4  
  35  3:27  Drone x2  
  36  3:42  Lair, Overlord  
  36  3:48  Baneling x2  
  33  3:51  Zergling x2  
  33  3:52  Drone x2  
  36  3:55  Overlord  
  36  4:06  Drone, Roach Warren  
  36  4:08  Drone  
  36  4:09  Overlord  
  37  4:10  Zergling x4  
  37  4:11  Drone  
  37  4:12  Drone x2  
  42  4:22  Zergling x2  
  42  4:23  Drone  
  44  4:46  Zergling x4  
  44  4:47  Zergling x6  
  44  4:48  Zergling x2  
  50  4:59  Baneling  
  49  5:00  Baneling x2  
  51  5:07  Zergling x4  
  51  5:10  Overlord  
  51  5:11  Overlord  
  51  5:33  Hatchery  
  48  5:41  Zergling x2  
  48  5:42  Zergling x4  
  50  5:43  Drone x3, Hatchery, Zergling x2  
  50  5:48  Baneling  
  50  5:49  Baneling x4  
  53  5:57  Hydralisk Den  
  53  6:00  Extractor  
  53  6:01  Drone x3  
  53  6:03  Roach x3  
  60  6:12  Drone  
  61  6:22  Roach x3  
  67  6:32  Drone x2, Extractor x2  
  67  6:33  Overlord  
  67  6:34  Overlord  
  65  6:43  Hatchery  
  61  6:48  Baneling x4  
  61  6:54  Roach  
  61  6:55  Overlord x3  
  54  7:25  Drone x3  
  54  7:26  Drone x3  
  54  7:27  Drone x4  
  54  7:28  Drone x3  
  67  7:30  Roach x3  
  67  7:31  Roach  
  75  7:39  Lurker Den  
  75  7:42  Roach  
  76  7:46  Hatchery  
  75  7:53  Drone, Spine Crawler  
  75  7:54  Drone  
  75  7:55  Roach  
  75  7:56  Roach x4  
  75  7:57  Zergling x2  
  87  8:05  Grooved Spines  
  87  8:06  Hatchery  
  87  8:08  Drone x2  
  87  8:09  Evolution Chamber  
  87  8:10  Overlord  
  87  8:13  Roach  
  87  8:15  Zergling x2  
  87  8:17  Roach  
  92  8:28  Spore Crawler  
  92  8:30  Spore Crawler  
  92  8:33  Spore Crawler  
  92  8:34  Hydralisk x3  
  89  8:37  Hydralisk  
  97  8:43  Drone x3  
  97  8:44  Drone  
  100  8:50  Spore Crawler  
  100  8:53  Hydralisk  
  101  8:57  Spore Crawler  
  99  9:04  Hydralisk  
  99  9:05  Hydralisk  
  99  9:07  Drone x2  
  104  9:14  Spore Crawler  
  104  9:16  Muscular Augments  
  99  9:17  Drone x4  
  99  9:19  Hydralisk  
  105  9:29  Spore Crawler  
  104  9:31  Hydralisk x2  
  104  9:33  Hydralisk  
  109  9:45  Spore Crawler  
  109  9:46  Spore Crawler  
  109  9:48  Spore Crawler  
  109  9:50  Drone x2  
  106  9:58  Lurker  
  106  9:59  Hydralisk x2  
  111  10:00  Hydralisk  
  112  10:15  Spine Crawler  
  112  10:16  Drone x3  
  112  10:17  Drone x3  
  112  10:19  Drone  
  118  10:22  Drone  
  118  10:23  Drone  
  65  11:07  Hydralisk x3  
  65  11:08  Roach x3  
  65  11:09  Drone x4  
  65  11:10  Drone x5  
  86  11:14  Lurker x3  
  89  11:19  Zerg Melee Weapons Level 1  
  89  11:24  Spore Crawler  
  88  11:26  Spine Crawler, Spore Crawler  
  88  11:27  Drone x3  
  86  11:46  Drone x2  
  86  11:47  Drone x4  
  90  11:49  Roach x2  
  90  11:52  Queen  
  98  11:54  Hatchery  
  98  11:56  Spine Crawler  
  98  11:57  Roach x2  
  98  11:59  Roach  
  98  12:00  Roach  
  104  12:08  Infestation Pit  
  103  12:23  Lurker x2  
  103  12:24  Lurker  
  106  12:32  Overseer  
  106  12:34  Pneumatized Carapace  
  106  12:52  Hydralisk x2  
  106  12:54  Zergling x2  
  106  12:55  Zergling x16  
  110  13:09  Roach  
  110  13:10  Roach x5  
  110  13:11  Drone x5  
  110  13:12  Roach x4  
  126  13:14  Zerg Missile Weapons Level 1  
  124  13:25  Hydralisk x4  
  124  13:26  Drone x2  
  124  13:27  Drone  
  124  13:29  Lurker x2  
  122  13:35  Spore Crawler  
  122  13:39  Spine Crawler  
  118  13:41  Spine Crawler  
  118  13:42  Drone, Spine Crawler  
  118  13:43  Drone  
  118  13:44  Roach x2  
  118  13:45  Roach x2  
  118  13:48  Overlord x4  
  126  14:04  Hive  
  126  14:06  Hydralisk x2  
  126  14:07  Hydralisk x4  
  126  14:08  Zergling x2  
  117  14:31  Drone x2  
  117  14:32  Drone  
  120  14:39  Swarm Host x6  
  120  14:40  Swarm Host  
  132  14:50  Lurker  
  126  15:08  Zerg Ground Armor Level 1  
  126  15:09  Lurker x2  
  128  15:16  Drone x2  
  128  15:17  Drone  
  131  15:31  Swarm Host  
  131  15:32  Zergling x2  
  131  15:33  Zergling x10  
  131  15:34  Drone x4  
  131  15:35  Nydus Network  
  143  15:36  Extractor  
  143  15:37  Extractor  
  134  16:19  Hatchery  
  134  16:24  Hatchery  
  125  16:32  Hatchery  
  93  16:49  Nydus Canal  
  93  16:50  Swarm Host x7  
  93  16:51  Hydralisk  
  93  16:53  Drone  
  93  16:54  Drone x2  
  113  17:19  Swarm Host  
  113  17:20  Swarm Host x2  
  118  17:28  Zergling x6  
  121  17:32  Spine Crawler, Spore Crawler  
  121  17:33  Spine Crawler, Spore Crawler  
  121  17:36  Spore Crawler  
  90  17:56  Hydralisk x3  
  90  17:57  Hydralisk x3  
  83  17:59  Drone x4  
  83  18:00  Zergling x2  
  82  18:28  Hatchery  
  81  18:37  Hydralisk x3  
  85  18:46  Seismic Spines  
  81  18:58  Nydus Canal  
  81  19:38  Nydus Canal  
  81  19:39  Swarm Host x5  
  81  19:41  Drone  
  97  20:00  Hatchery  
  81  20:16  Swarm Host x3  
  81  20:17  Hydralisk x2  
  81  20:21  Drone x3  
  91  20:28  Spore Crawler  
  90  20:29  Spore Crawler x2  
  90  20:31  Spine Crawler, Spore Crawler  
  90  20:32  Drone  
  90  20:33  Swarm Host  
  90  20:35  Hydralisk  
  89  20:51  Nydus Canal  
  89  21:11  Drone x3  
  92  21:32  Swarm Host  
  92  21:33  Swarm Host  
  92  21:35  Drone x5  
  103  21:48  Drone  
  103  21:50  Spore Crawler x2  
  103  21:53  Drone, Spore Crawler  
  102  22:09  Extractor x2  
  99  22:47  Drone x3  
  102  23:05  Hydralisk x2  
  106  23:07  Hatchery  
  103  23:28  Nydus Canal  
  103  23:46  Hydralisk  
  103  23:47  Hydralisk x2  
  110  23:48  Drone x3  
  94  24:33  Drone x2  
  94  24:34  Drone, Hydralisk x6  
  94  24:36  Drone  
  94  24:37  Drone  
  111  24:39  Drone x3  
  114  24:53  Nydus Canal  
  114  24:57  Drone x2  
  116  25:00  Hatchery  
  116  25:01  Hydralisk  
  116  25:04  Zergling x6  
  116  25:37  Spine Crawler x2  
  116  25:38  Spine Crawler  
  116  25:40  Spine Crawler x2  
  116  25:41  Spore Crawler  
  106  25:50  Hydralisk, Zergling x6  
  106  25:56  Drone x2  
  105  26:07  Lurker x2  
  107  26:25  Drone x3  
  102  26:57  Hatchery  
  98  27:07  Hydralisk x3  
  104  27:09  Zergling x4  
  106  27:17  Zergling x2  
  106  27:18  Zergling x4  
  108  27:27  Lurker x2  
  108  27:28  Lurker  
  78  28:04  Drone  
  78  28:05  Drone x2  
  72  28:42  Drone x3  
  75  28:51  Spawning Pool  
  74  29:13  Drone x2  
  76  29:27  Drone x2  
  78  29:39  Hatchery  
  77  29:46  Zergling x6  
  77  29:47  Zergling x6  
Show
View Real Time Build Order
Export as new Build Order

Massa Terran 

Build Orders: Reaper Expand 

Get SALT Encoding   

  12  0:00  SCV  
  13  0:12  SCV  
  14  0:18  Supply Depot  
  14  0:24  SCV  
  15  0:40  SCV  
  15  0:41  Barracks  
  16  0:48  Refinery  
  16  0:52  SCV  
  17  1:05  SCV  
  18  1:17  SCV  
  19  1:30  Reaper  
  19  1:32  Orbital Command  
  20  1:43  Command Center  
  20  2:00  SCV  
  21  2:02  Marine  
  22  2:12  SCV  
  22  2:15  Factory  
  23  2:18  Supply Depot  
  23  2:27  Barracks Reactor  
  23  3:02  Orbital Command  
  23  3:04  SCV  
  24  3:11  Starport  
  24  3:16  SCV  
  24  3:19  Marine  
  26  3:20  Engineering Bay  
  26  3:21  Hellion x2  
  30  3:29  SCV  
  31  3:37  Marine  
  31  3:41  SCV  
  33  3:43  Hellion x2  
  37  3:53  SCV  
  37  3:55  SCV, Marine  
  40  4:00  Medivac  
  42  4:04  Hellion x2  
  46  4:11  Missile Turret  
  46  4:13  Supply Depot  
  46  4:23  Supply Depot  
  46  4:33  Missile Turret  
  46  4:35  SCV x2, Hellion x2  
  52  4:47  SCV x2  
  54  4:54  Missile Turret  
  54  4:59  SCV  
  55  5:39  Widow Mine x2  
  55  5:40  Starport Tech Lab  
  51  5:47  Barracks Tech Lab, Command Center  
  51  5:54  Barracks  
  51  5:56  Barracks  
  51  6:00  Widow Mine  
  51  6:01  Widow Mine, SCV x2  
  57  6:11  Banshee  
  57  6:13  SCV, Cloaking Field  
  57  6:14  SCV  
  62  6:28  Supply Depot  
  62  6:29  Supply Depot x2  
  62  6:30  Refinery  
  62  6:37  Supply Depot  
  62  6:38  Missile Turret  
  62  6:43  Terran Infantry Weapons Level 1  
  62  6:48  Refinery  
  62  6:50  SCV, Hellion x2, Marauder  
  62  6:52  Supply Depot  
  69  6:59  Missile Turret  
  69  7:01  Supply Depot  
  69  7:12  Hellion x2, Marauder  
  75  7:20  Missile Turret  
  75  7:24  Supply Depot  
  75  7:31  Barracks Reactor x2  
  75  7:33  Marauder  
  81  7:41  Missile Turret  
  77  7:51  Factory  
  77  7:54  Marauder  
  77  7:57  Orbital Command, Factory Tech Lab  
  79  8:16  Refinery  
  79  8:18  Orbital Command  
  79  8:20  Armory, Command Center  
  79  8:22  Banshee  
  82  8:27  SCV x2  
  84  8:35  Missile Turret  
  84  8:39  SCV x2, Missile Turret  
  86  8:49  Hellion x2  
  86  8:50  Infernal Pre-Igniter  
  86  8:51  SCV x2  
  86  8:54  Stimpack  
  92  8:59  Missile Turret  
  92  9:00  Missile Turret  
  92  9:03  Marine  
  92  9:04  Marine x4  
  97  9:10  Hellion x2  
  101  9:19  Missile Turret  
  101  9:20  Missile Turret  
  101  9:21  Marine  
  101  9:22  Marine x4, Missile Turret x2  
  101  9:23  Missile Turret  
  106  9:39  Marine  
  106  9:41  Missile Turret  
  106  9:44  Missile Turret  
  106  9:45  Missile Turret  
  104  9:54  SCV x3  
  107  10:02  Siege Tank  
  107  10:04  Hellion x2  
  107  10:06  SCV x3  
  117  10:11  Marauder  
  117  10:14  Marine  
  116  10:18  SCV x3  
  120  10:22  Ghost Academy  
  120  10:25  Hellion  
  120  10:26  Hellion  
  124  10:30  Terran Infantry Armor Level 1  
  124  10:32  Marauder  
  124  10:33  Engineering Bay  
  124  10:34  Siege Tank, Combat Shield  
  94  10:54  Marauder  
  96  11:01  Armory  
  90  11:10  Marine  
  90  11:11  Marine x3  
  89  11:13  Planetary Fortress  
  89  11:15  Marauder  
  89  11:16  SCV x2  
  89  11:17  SCV  
  95  11:28  SCV, Marine x3  
  95  11:29  SCV, Marine  
  101  11:37  Marauder  
  101  11:38  Widow Mine  
  101  11:39  Widow Mine  
  107  11:41  Siege Tank  
  107  11:46  Marine x3  
  107  11:47  Marine  
  113  11:51  Barracks  
  113  11:52  Barracks  
  113  11:53  Concussive Shells  
  114  11:58  Marauder  
  114  12:00  Widow Mine x2  
  120  12:01  Missile Turret  
  120  12:04  Marine x4  
  120  12:07  Missile Turret  
  124  12:13  Siege Tank  
  127  12:19  Marauder  
  127  12:22  Missile Turret  
  129  12:24  Enhanced Shockwaves  
  129  12:27  Missile Turret  
  129  12:40  Terran Vehicle Weapons Level 1  
  129  12:41  Terran Infantry Armor Level 2, Terran Infantry Weapons Level 2  
  129  12:43  Missile Turret  
  129  12:45  Barracks  
  129  12:48  Missile Turret  
  129  12:49  Barracks Reactor  
  129  12:50  Barracks Tech Lab  
  129  12:52  Marauder, Marine x4  
  135  13:03  Supply Depot  
  135  13:13  Marauder  
  135  13:14  Marauder, Marine x4  
  143  13:31  Marine  
  143  13:32  Marine x3  
  143  13:35  Marauder x2  
  143  13:49  Marine  
  143  13:50  Marine x3  
  106  13:55  Marine  
  106  13:56  Marine  
  106  13:59  Marine  
  106  14:02  Barracks Tech Lab  
  88  14:03  Marine  
  88  14:06  Thor  
  88  14:07  Marine x2  
  88  14:08  Widow Mine, Marine x2  
  88  14:09  Widow Mine  
  103  14:13  Marine  
  103  14:14  Marine  
  99  14:17  Marine  
  99  14:21  Marine  
  101  14:24  SCV x2  
  101  14:25  SCV x2, Marine x4  
  101  14:30  Widow Mine x2  
  113  14:32  Marauder, Marine  
  113  14:35  Marine  
  113  14:36  SCV  
  113  14:37  SCV  
  117  14:49  Thor  
  117  14:50  Marauder, Command Center  
  117  14:51  Widow Mine  
  127  14:53  Marauder  
  129  15:07  Marine x4  
  129  15:08  Marine x2  
  129  15:12  Marauder, Ghost  
  139  15:14  Marauder  
  139  15:15  Personal Cloaking  
  141  15:22  Ghost Academy  
  141  15:23  Ghost Academy  
  141  15:24  Marine  
  141  15:25  Refinery, Marine  
  143  15:29  Refinery  
  143  15:33  Marauder  
  143  15:35  Ghost  
  143  15:41  Marauder  
  145  15:53  Ghost  
  145  16:04  Marauder  
  143  16:13  Medivac  
  106  16:40  Marauder x2, Marine x3  
  106  16:41  Nuke, Marauder, Marine  
  106  16:43  Medivac  
  109  16:57  Marine x2  
  109  16:58  Marine x4  
  119  17:01  Marauder x2  
  119  17:02  Marauder  
  121  17:13  Medivac  
  121  17:14  Marine  
  121  17:15  Marine  
  125  17:16  Marine x4  
  133  17:22  Marauder  
  133  17:23  Marauder x2  
  125  17:32  Marine  
  125  17:33  Marine  
  125  17:34  Marine x4  
  127  17:43  Medivac  
  133  17:44  Marauder x2, Marine  
  133  17:50  Marine  
  133  17:51  Marine x2  
  136  17:52  Marine x3  
  137  18:02  Marine  
  137  18:05  Marine x2  
  128  18:08  Marine x2  
  128  18:09  Marine  
  128  18:12  Marine x3  
  97  18:20  Ghost  
  97  18:22  Ghost x2  
  97  18:26  Marine x2  
  102  18:27  Marine  
  102  18:29  Marine  
  102  18:30  Marine x2  
  106  18:43  Marine  
  106  18:44  Marine  
  106  18:45  Marine  
  106  18:47  Marine  
  106  18:48  Marine x2  
  110  18:49  Marauder  
  110  18:50  Planetary Fortress  
  110  18:52  Marauder x2  
  110  18:53  SCV x3  
  121  19:01  Marine  
  121  19:02  Marine  
  123  19:03  Marine  
  123  19:04  Barracks  
  123  19:05  SCV x3, Marine  
  123  19:06  Marine x2  
  123  19:08  Command Center  
  124  19:10  Barracks, Marauder  
  124  19:12  Barracks, Marine  
  124  19:13  Marine  
  121  19:17  SCV x3  
  121  19:19  Marine  
  121  19:20  Marine x2  
  121  19:21  Medivac  
  125  19:30  Marine x2  
  127  19:31  Marine  
  128  19:39  Thor  
  128  19:41  Widow Mine x2  
  138  19:49  Marauder x3  
  138  19:51  Medivac  
  146  19:55  Barracks  
  146  20:02  Widow Mine x2, Barracks  
  150  20:11  Marauder  
  152  20:21  Medivac  
  154  20:22  Thor  
  154  20:24  Widow Mine x2  
  164  20:40  Barracks Reactor x2  
  164  20:43  Barracks Tech Lab  
  164  20:45  Widow Mine  
  164  20:46  Marauder x2  
  164  20:47  Marauder, Marine x3  
  164  20:49  Barracks Tech Lab  
  171  20:59  Marine x2  
  171  21:08  Marine x2  
  171  21:09  Marauder  
  157  21:39  Supply Depot  
  157  21:40  Supply Depot x2  
  157  21:41  Supply Depot x3  
  157  21:42  Supply Depot x3  
  157  21:43  Supply Depot x2  
  157  21:45  Marine  
  156  21:49  Marine  
  156  21:50  Marauder, Marine x2  
  156  21:54  Marine x2  
  156  21:55  Marauder, Thor  
  156  21:56  Marauder  
  147  22:03  Marine  
  114  22:11  Marauder  
  114  22:12  Marine  
  117  22:16  Marauder  
  117  22:17  Marauder  
  117  22:18  Orbital Command  
  117  22:22  Marauder x2, Marine  
  125  22:23  Marine x9  
  125  22:27  Widow Mine  
  137  22:33  Marauder  
  139  22:37  Marauder  
  139  22:38  Marauder, Thor  
  139  22:43  Marauder  
  153  22:44  Marauder  
  150  22:54  Marauder  
  150  22:59  Marauder  
  150  23:00  Marauder  
  150  23:05  Marauder x2, Marine  
  158  23:06  Marine x9  
  168  23:15  Marauder  
  168  23:16  Command Center  
  170  23:20  Marauder  
  170  23:21  Marauder, Thor  
  170  23:26  Marauder  
  170  23:27  Marauder  
  159  23:37  Marauder  
  159  23:42  Marauder  
  159  23:43  Marauder  
  147  23:57  Medivac  
  147  24:00  Ghost x3  
  147  24:01  Marine  
  147  24:02  Ghost, Marine  
  114  24:27  Medivac  
  113  24:57  Medivac  
  100  25:10  Marauder x2  
  100  25:11  Marauder x3, Marine x3  
  79  25:31  Nuke x2  
  79  25:32  Marauder x2  
  79  25:34  Barracks Tech Lab  
  35  28:37  Command Center  
  35  28:49  Ghost x2  
  18  29:18  Ghost  
Show
View Real Time Build Order
Export as new Build Order

COMMODOR Protoss - Winner!

Build Orders:  

Get SALT Encoding   

  12  0:00  Probe (Chrono Boost)  
  13  0:09  Probe (Chrono Boost)  
  14  0:18  Pylon  
  14  0:23  Probe  
  15  0:36  Probe  
  15  0:38  Gateway  
  16  0:44  Assimilator  
  16  0:48  Probe  
  17  1:00  Probe (Chrono Boost), Pylon  
  19  1:12  Probe (Chrono Boost)  
  19  1:17  Probe (Chrono Boost)  
  20  1:26  Cybernetics Core  
  20  1:27  Probe  
  20  1:32  Zealot  
  23  1:39  Probe  
  24  1:57  Gateway  
  24  1:59  Probe, Warp Gate (Chrono Boost)  
  25  2:07  Gateway  
  25  2:14  Pylon  
  25  2:19  Adept  
  25  2:21  Shield Battery  
  27  2:26  Probe  
  28  2:38  Probe  
  29  2:44  Stalker  
  29  2:58  Adept  
  31  2:59  Adept  
  33  3:06  Pylon  
  33  3:08  Assimilator  
  33  3:23  Nexus  
  33  3:24  Pylon  
  34  3:27  Probe  
  34  3:39  Probe  
  34  3:40  Twilight Council  
  35  3:51  Probe  
  35  3:52  Adept x2  
  40  3:55  Sentry  
  42  4:03  Probe  
  43  4:12  Stalker  
  43  4:15  Probe  
  43  4:16  Stalker  
  48  4:24  Blink (Chrono Boost)  
  48  4:27  Probe  
  49  4:46  Stalker x2  
  49  4:48  Zealot  
  55  4:55  Probe x2  
  55  4:59  Assimilator  
  57  5:07  Probe  
  57  5:12  Zealot x2, Sentry  
  64  5:17  Probe  
  64  5:19  Probe  
  67  5:42  Probe  
  67  5:43  Probe  
  67  5:45  Stalker  
  67  5:49  Pylon  
  70  5:51  Pylon  
  70  5:56  Assimilator, Forge  
  70  5:59  Forge  
  70  6:07  Probe x2  
  70  6:08  Gateway  
  70  6:09  Gateway  
  72  6:15  Sentry x3  
  78  6:20  Probe x2  
  80  6:32  Probe x2  
  82  6:44  Probe x2  
  84  6:55  Stalker  
  86  7:08  Probe  
  86  7:09  Probe  
  80  7:21  Probe  
  77  7:25  Stalker x4  
  77  7:26  Stalker  
  85  7:30  Probe  
  85  7:33  Gateway  
  85  7:34  Gateway  
  86  7:43  Protoss Ground Weapons Level 1, Protoss Ground Armor Level 1  
  86  7:47  Templar Archives  
  86  7:49  Nexus  
  86  7:52  Pylon  
  86  7:53  Pylon  
  86  7:57  Charge  
  86  8:03  Pylon  
  86  8:06  Pylon x2  
  86  8:12  Zealot x4  
  94  8:18  Probe x2  
  96  8:24  Psionic Storm  
  96  8:30  Probe  
  96  8:32  Forge  
  97  8:35  Probe  
  97  8:40  High Templar  
  100  8:42  Probe  
  100  8:48  Probe  
  102  8:52  High Templar  
  102  8:53  Zealot  
  102  8:54  Zealot x2  
  110  8:56  Probe  
  110  9:00  Probe  
  112  9:03  Assimilator  
  112  9:07  Assimilator  
  112  9:08  Probe  
  112  9:09  Protoss Shields Level 1  
  113  9:12  Sentry  
  113  9:14  Adept  
  113  9:30  Pylon  
  113  9:37  Photon Cannon  
  111  9:38  Photon Cannon  
  107  9:48  Photon Cannon  
  100  10:33  Robotics Facility  
  100  10:34  Photon Cannon x2  
  84  11:35  High Templar x3  
  84  11:37  Zealot x4  
  98  11:55  Nexus  
  98  11:59  Gateway  
  98  12:00  Probe  
  98  12:01  Gateway  
  99  12:04  High Templar  
  99  12:05  Gateway, High Templar  
  99  12:06  Zealot x2  
  107  12:12  Probe  
  107  12:13  Photon Cannon  
  108  12:19  Photon Cannon  
  108  12:20  Zealot x3  
  115  12:23  Observer (Chrono Boost)  
  115  12:24  Probe  
  116  12:30  Stalker x2  
  116  12:32  Protoss Ground Weapons Level 2  
  116  12:36  Observer (Chrono Boost)  
  120  12:43  Zealot x2  
  120  12:44  Zealot x3  
  131  12:52  Robotics Bay  
  131  12:55  Robotics Facility  
  131  13:00  High Templar x2  
  131  13:02  Zealot x2  
  131  13:22  Zealot x2  
  131  13:24  Zealot x2  
  131  13:25  Zealot x3  
  114  13:58  Stalker x2  
  114  13:59  Stalker x2  
  114  14:00  High Templar x4  
  114  14:01  Zealot x2  
  114  14:02  Colossus  
  134  14:08  Extended Thermal Lance (Chrono Boost)  
  140  14:14  Probe x2  
  136  14:34  Probe x3  
  139  14:46  Probe x3  
  139  14:48  Zealot  
  139  14:49  Zealot x2  
  148  14:56  Observer  
  149  15:13  Nexus  
  149  15:28  Pylon x2  
  149  15:29  Pylon  
  149  15:30  Probe x2  
  149  15:46  Probe x3, Colossus  
  138  16:15  Stalker x5  
  138  16:16  Stalker x4  
  119  16:45  Colossus  
  119  16:46  Colossus  
  131  16:51  High Templar  
  131  16:52  High Templar x4  
  131  16:53  Zealot  
  143  16:56  Zealot x2  
  143  17:01  Probe x4  
  150  17:04  Dark Shrine  
  151  17:13  Probe  
  135  17:43  Stalker x2  
  135  17:44  Stalker x5  
  141  17:45  Stalker x2  
  151  18:00  Archon x2  
  151  18:01  Archon  
  75  18:37  High Templar x5  
  75  18:38  High Templar x5  
  95  18:45  Assimilator x2  
  95  18:46  Pylon  
  95  18:49  Pylon  
  95  18:52  Pylon  
  95  19:10  Colossus (Chrono Boost)  
  95  19:11  Colossus (Chrono Boost)  
  95  19:13  Stalker  
  95  19:15  Zealot x4  
  95  19:16  Zealot x5  
  107  19:38  Pylon  
  107  19:45  Gravitic Boosters (Chrono Boost)  
  105  19:56  Observer x2 (Chrono Boost)  
  103  20:35  High Templar x4  
  107  20:37  Zealot x2  
  107  20:38  Zealot x4  
  123  20:47  Nexus  
  123  20:55  Probe x4  
  127  21:07  Probe x4  
  129  21:19  Probe x4  
  129  21:20  High Templar x4  
  129  21:22  Zealot x5  
  129  21:23  Zealot  
  153  21:31  Probe x2  
  93  22:04  Zealot  
  93  22:05  Zealot x6  
  93  22:06  Zealot x2  
  100  22:18  Dark Templar  
  102  22:27  Observer x2  
  104  22:31  Dark Templar  
  104  22:34  Zealot x3  
  104  22:35  Zealot x5  
  122  22:44  Nexus  
  122  22:47  Colossus  
  122  22:48  Colossus  
  134  23:01  Stalker x5  
  134  23:02  Stalker x4  
  152  23:15  Assimilator  
  152  23:21  Assimilator  
  128  23:47  Stalker x6  
  128  23:48  Stalker x4  
  120  24:32  Dark Templar  
  120  24:33  Dark Templar x3  
  120  24:34  Dark Templar  
  129  24:46  Zealot  
  129  24:47  Zealot x4  
  109  25:31  Stalker x5  
  109  25:32  Stalker x5  
  129  25:54  Colossus x2  
  141  26:00  High Templar x2  
  141  26:02  Zealot x2  
  141  26:03  Zealot x4  
  145  26:56  Observer x2  
  137  27:15  Zealot  
  137  27:16  Zealot x6  
  137  27:17  Zealot x2  
  137  27:21  Probe x4  
  150  27:33  Probe  
  111  28:35  Colossus x2  
  111  28:38  Zealot x3  
  111  28:39  Zealot x4  
  123  29:09  Dark Templar x2  
  119  29:10  Dark Templar  
  111  29:28  Colossus  
  121  29:48  Nexus  
Show
View Real Time Build Order
Export as new Build Order

Spirit Zerg - Winner!

Build Orders: Hatch First 

Get SALT Encoding   

  12  0:02  Drone  
  13  0:15  Overlord  
  13  0:18  Drone  
  14  0:35  Drone x2  
  16  0:52  Hatchery  
  16  0:54  Drone  
  16  0:58  Drone  
  16  1:01  Drone  
  18  1:11  Extractor  
  17  1:18  Spawning Pool  
  17  1:23  Drone  
  17  1:25  Drone  
  18  1:31  Drone  
  19  1:45  Drone  
  20  1:54  Drone  
  21  2:04  Overlord  
  21  2:05  Zergling x2  
  21  2:07  Queen x2  
  26  2:18  Metabolic Boost  
  26  2:20  Zergling x4  
  28  2:36  Zergling x2  
  28  2:37  Zergling x6  
  32  3:00  Drone x4  
  36  3:06  Baneling Nest  
  36  3:07  Overlord  
  35  3:16  Overlord  
  35  3:17  Overlord  
  35  3:32  Overlord x2  
  32  3:51  Zergling x12  
  32  3:52  Zergling x8  
  42  3:56  Lair  
  42  4:08  Drone x3  
  45  4:13  Baneling  
  45  4:14  Baneling x5  
  45  4:15  Drone  
  46  4:23  Drone x2  
  48  4:25  Queen  
  47  5:04  Drone x9  
  42  5:36  Drone  
  42  5:37  Drone x5  
  45  5:44  Queen x2  
  49  5:54  Extractor  
  48  6:01  Extractor, Zergling x4  
  48  6:02  Zergling x4, Spire  
  48  6:04  Hatchery  
  49  6:47  Baneling x3  
  42  7:24  Mutalisk  
  42  7:25  Mutalisk x4  
  52  7:36  Queen  
  54  7:52  Queen x2  
  54  7:55  Mutalisk x2  
  62  8:05  Overlord  
  62  8:06  Overlord x2  
  62  8:07  Drone x4  
  66  8:23  Queen  
  66  8:26  Mutalisk x5  
  78  8:38  Zerg Flyer Weapons Level 1  
  78  8:54  Drone x12  
  90  8:56  Overlord x3  
  90  9:02  Queen  
  86  9:16  Mutalisk x3  
  92  9:19  Zergling x12  
  92  9:20  Zergling x12  
  104  9:26  Overseer x2  
  98  10:10  Zergling x28  
  98  10:11  Zergling x4  
  114  10:21  Baneling  
  114  10:22  Baneling x14  
  114  10:23  Baneling x2  
  86  10:53  Zergling x2  
  86  10:54  Zergling x30  
  84  11:18  Drone x8  
  86  11:22  Extractor  
  86  11:24  Extractor  
  89  11:33  Lair  
  89  11:50  Mutalisk x2  
  89  11:51  Mutalisk x4  
  89  11:52  Zergling x2  
  89  11:53  Zergling x8  
  106  12:00  Centrifical Hooks  
  105  12:27  Baneling x5  
  105  12:28  Baneling x7  
  105  12:29  Baneling x2  
  83  13:16  Zergling x2  
  83  13:17  Zergling x46  
  79  13:46  Zergling x24  
  87  14:01  Drone  
  87  14:02  Drone x4  
  92  14:13  Hatchery  
  91  14:30  Drone x10  
  98  14:37  Mutalisk  
  98  14:38  Mutalisk x7  
  108  14:57  Baneling x2  
  108  14:58  Baneling x16  
  108  14:59  Drone x2  
  109  15:00  Drone x5  
  112  15:08  Extractor  
  111  15:26  Overlord x3  
  111  15:27  Overlord x3  
  111  15:36  Pneumatized Carapace  
  103  15:46  Zergling x10  
  103  15:47  Zergling x16  
  101  16:10  Mutalisk x5  
  101  16:11  Mutalisk x3  
  117  16:19  Baneling  
  117  16:20  Baneling x18  
  117  16:21  Baneling x2  
  117  16:56  Zergling x2  
  117  16:57  Zergling x22  
  123  17:38  Mutalisk x9  
  103  18:07  Zergling x8  
  103  18:08  Zergling x8  
  89  19:16  Mutalisk x3  
  89  19:17  Mutalisk x8  
  109  19:27  Extractor  
  109  19:30  Extractor  
  107  19:32  Zerg Flyer Weapons Level 2  
  107  19:35  Zergling x10  
  107  19:36  Zergling x10  
  117  19:46  Zergling x2  
  117  19:47  Overlord x2  
  82  20:21  Mutalisk x4  
  88  20:40  Overseer  
  88  20:50  Zergling x2  
  88  20:51  Zergling x26  
  68  21:36  Zergling x16  
  68  21:37  Zergling x10  
  76  22:00  Zergling x2  
  76  22:01  Zergling x16  
  54  22:48  Zergling x2  
  54  22:49  Zergling x20  
  60  23:04  Drone  
  60  23:05  Drone x5  
  61  23:21  Zergling x8  
  53  23:33  Zergling x12  
  33  23:44  Zergling x10  
  33  23:46  Baneling x4  
  33  23:47  Baneling x4  
  38  23:58  Baneling x6  
  19  24:37  Zergling x18  
  19  24:38  Zergling x10  
  33  24:45  Hatchery  
  32  24:47  Drone x3  
  32  24:48  Drone x4  
  32  24:52  Zergling x8  
  43  25:00  Zergling x2  
  43  25:31  Baneling  
  43  25:32  Baneling x4  
  43  25:41  Drone  
  43  25:42  Drone x10  
  54  25:53  Hatchery  
  40  26:20  Zergling x6  
  40  26:21  Zergling x22  
  40  26:43  Baneling x3  
  40  26:44  Baneling x4  
  12  27:18  Drone x2  
  12  27:19  Drone x10  
  24  28:31  Hatchery  
  23  28:45  Drone x3  
  24  30:05  Drone  
  24  30:06  Drone x2  
Tags
 
Add a new tag
Caveats
  • Supply blocks, unpowered buildings, or Contaminate may cause inaccurate times.
  • Supply counts are checked every 10 seconds.